 Dungeon Crawl Stone Soup version 0.32-a0-17-gb74e046682 (webtiles) character file.

Game seed: 7923438580624896653

30 bobarctor the Grave Robber (level 3, 0/24 HPs)
             Began as a Demonspawn Necromancer on Jan 16, 2024.
             Slain by a goblin
             ... wielding a +0 dagger
              (3 damage)
             ... on level 1 of the Dungeon.
             The game lasted 00:05:42 (900 turns).

bobarctor the Grave Robber (Demonspawn Necromancer)  Turns: 900, Time: 00:05:43

Health: 0/24       AC:  2    Str:  8    XL:     3   Next: 3%
Magic:  6/6        EV: 12    Int: 17    God:
Gold:   69         SH:  0    Dex: 13    Spells: 6/7 levels left

rFire   . . .        c - +0 dagger
rCold   . . .        (no shield)
rNeg    . . .        a - +0 robe
rPois   .            (helmet restricted)
rElec   .            (no cloak)
rCorr   .            (no gloves)
SInv    .            (no boots)
Will    .....        (no amulet)
Stlth   ++           (no ring)
HPRegen 0.24/turn    (no ring)
MPRegen 0.10/turn

%: no passive effects
@: no status effects
A: antennae 1, claws 1
a: no special abilities


You were on level 1 of the Dungeon.
You visited 1 branch of the dungeon, and saw 1 of its levels.

You collected 69 gold pieces.

Inventory:

Hand Weapons
 c - a +0 dagger (weapon)
Missiles
 h - 3 stones
Armour
 a - a +0 robe (worn)
Talismans
 f - a flux talisman
Scrolls
 d - a scroll of enchant armour {unknown}
 g - a scroll of identify {unknown}
Potions
 b - a potion of magic
 e - a potion of invisibility {unknown}


   Skills:
 + Level 2.1 Dodging
 + Level 2.2 Stealth
 * Level 2.5 Spellcasting
 + Level 4.6 Necromancy


You had 6 spell levels left.
You knew the following spells:

 Your Spells              Type           Power      Damage    Failure   Level
a - Necrotise             Necr           68%        1d7       2%          1

Your spell library contained the following spells:

 Spells                   Type           Power      Damage    Failure   Level
 Fugue of the Fallen      Necr           17%        N/A       9%          3
 Vampiric Draining        Necr           17%        2d7       9%          3
 Animate Dead             Necr           17%        N/A       26%         4
 Ensorcelled Hibernation  Hex/Ice        4%         N/A       28%         2
 Anguish                  Hex/Necr       5%         N/A       56%         4
 Curse of Agony           Necr           17%        N/A       58%         5


Dungeon Overview and Level Annotations

Branches:
Dungeon (1/15)

Altars:


Innate Abilities, Weirdness & Mutations

You have a pair of small antennae on your head.
You have sharp fingernails.


Message History

The bat misses you. The bat closely misses you.
The goblin attacks as it pursues you! The goblin hits you with a +0 dagger.
* * * LOW HITPOINT WARNING * * *
The bat closely misses you.
The ball python attacks as it pursues you!
The ball python bites you but does no damage.
The ball python grabs you. The ball python constricts you.
You escape the ball python's grasp.
The bat hits you but does no damage.
Unknown command.
The bat closely misses you. The goblin hits you but does no damage.
An endoplasm comes into view.
The bat misses you.
The ball python bites you but does no damage.
The ball python barely misses you. The goblin attacks as it pursues you!
The goblin misses you.
The endoplasm moves out of view.
The endoplasm quivers.
The ball python attacks as it pursues you!
The ball python closely misses you. x2; The bat closely misses you.
The bat hits you but does no damage. The ball python bites you.
* * * LOW HITPOINT WARNING * * *
The ball python completely misses you.
Unknown command.
The bat barely misses you.
An endoplasm comes into view.
The bat barely misses you.
The ball python attacks as it pursues you!
The ball python bites you.
* * * LOW HITPOINT WARNING * * *
The ball python barely misses you. The goblin hits you but does no damage.
Unknown command.
The endoplasm quivers.
The bat barely misses you. The bat closely misses you.
The ball python attacks as it pursues you!
The ball python bites you but does no damage.
The ball python closely misses you. The goblin attacks as it pursues you!
The goblin hits you with a +0 dagger.
You die...

########### #.
#####.......... #..
#.........g....
#...#..............
#...#....gS........
#...#.....@J.......
#..........#b..J...
#..........#.......
#...........#......
#...........#......
#...........#.....
##.......?.....##.
#...........#
#....))......


You could see 2 endoplasms, a hobgoblin, a goblin, a bat and a ball python.

Vanquished Creatures
  A dart slug (D:1)
  An endoplasm (D:1)
  3 giant cockroaches (D:1)
  2 hobgoblins (D:1)
  4 jackals (D:1)
  2 kobolds (D:1)
  2 quokkas (D:1)
  2 ball pythons (D:1)
  2 bats (D:1)
  2 rats (D:1)
21 creatures vanquished.

Vanquished Creatures (collateral kills)
  A hobgoblin (D:1)
  A frilled lizard (D:1)
  A kobold (D:1)
3 creatures vanquished.

Grand Total: 24 creatures vanquished

Notes
Turn   | Place    | Note
-------+----------+-------------------------------------------
     0 | D:1      | bobarctor the Demonspawn Necromancer began the quest for
                  | the Orb.
     0 | D:1      | Reached XP level 1. HP: 13/13 MP: 3/3
   137 | D:1      | Discovered your monstrous ancestry.
   137 | D:1      | Gained mutation: You have sharp fingernails. [demonic
                  | ancestry]
   137 | D:1      | Reached XP level 2. HP: 19/19 MP: 0/5
   867 | D:1      | Gained mutation: You have a pair of small antennae on your
                  | head. [demonic ancestry]
   867 | D:1      | Reached XP level 3. HP: 24/24 MP: 3/6
   900 | D:1      | Slain by a goblin

Illustrated notes

Levels and vault maps discovered:
D:1:      shiori_shiawase, layout_basic, serial_aquarium, aquarium_bridge_square
          [aquarium_subvault_window, aquarium_subvault_bridge,
          aquarium_subvault_bridge, aquarium_subvault_window],
          aquarium_window_corridor_3, aquarium_window_fake, aquarium_window_1,
          aquarium_view_2b, aquarium_balcony_3b, minmay_pentomino_o2

Skill      XL: |  1  2 |
---------------+-------+-----
Stealth        | 2 |  2.2
Dodging        | 2 |  2.1
Spellcasting   | |  2.5
Necromancy     | |  4.6

Action                     || total
---------------------------++-------
  Melee: Dagger            ||    19
   Cast: Necrotise         ||    36
 Armour: Robe              ||    41
  Dodge: Dodged            ||    55

Table legend: (Time is in decaauts)
 A = Elapsed time spent in this place.
 B = Non-inter-level travel time spent in this place.
 C = Inter-level travel time spent in this place.
 D = Time resting spent in this place.
 E = Time spent auto-exploring this place.
 F = Levels seen in this place.
 G = Mean time per level.
                   A        B        C        D        E       F      G
               +--------+--------+--------+--------+--------+-----+--------+
         Total |    899 |    899 |      0 |    221 |    473 |   1 |  899.0 |
       Dungeon |    899 |    899 |      0 |    221 |    473 |   1 |  899.0 |
               +--------+--------+--------+--------+--------+-----+--------+

Top non-repeatable levels by time:
     D:1: 899 daAuts
